MLB
TAMPA BAY RAYS @ CLEVELAND GUARDIANS
07/06/2098
 
TOP OF THE 1ST
Tampa Bay Rays batting - Pitching for Cleveland Guardians : RHP Reed Harris
Pitching: RHP Reed Harris
Batting: RHB Jamie Huggins 0-0: Ball
1-0: Ball
2-0: Bunted foul
2-1: Foul Ball, location: 2LF
2-2: TRIPLE (Line Drive, 9LD, EV 111.3 MPH)
Batting: SHB Jorge Ramos 0-0: Ball
1-0: Foul Ball, location: 9LSF
1-1: Foul Ball, location: 7LSF
1-2: Ball
2-2: Foul Ball, location: 5FF
2-2: Strikes out swinging
Batting: RHB Dave Taylor 0-0: Reached on error, E3 (Groundball, 3S, EV 83.8 MPH)
Batting: RHB Kevin Schulz 0-0: Called Strike
0-1: Swinging Strike
0-2: Ball
1-2: Strikes out looking
Batting: RHB Cesar Escamilla 0-0: Swinging Strike
0-1: Ball
1-1: Foul Ball, location: 5FF
1-2: Strikes out swinging
Top of the 1st over - 0 runs, 1 hit, 1 error, 2 left on base; Tampa Bay 0 - Cleveland 0
BOTTOM OF THE 1ST
Cleveland Guardians batting - Pitching for Tampa Bay Rays : LHP Mike Dougherty
Pitching: LHP Mike Dougherty
Batting: SHB Jose Agramonte 0-0: Foul Ball, location: 2F
0-1: Ground out U3 (Groundball, 34, EV 81.9 MPH)
Batting: LHB Matt Cleary 0-0: Called Strike
0-1: Ball
1-1: Ball
2-1: Foul Ball, location: 2F
2-2: Foul Ball, location: 7LDF
2-2: Foul Ball, location: 3FF
2-2: Foul Ball, location: 7LSF
2-2: Ball
3-2: Hit by Pitch
Batting: LHB Jonathan Setzler 0-0: Foul Ball, location: 2RF
0-1: Swinging Strike
0-2: Strikes out swinging
Batting: RHB Barry Nicholson 0-0: Called Strike
0-1: Ball
1-1: Ball
2-1: Foul Ball, location: 9LMF
2-2: Fly out, F7 (Flyball, 78M, EV 86.3 MPH)
Bottom of the 1st over - 0 runs, 0 hits, 0 errors, 1 left on base; Tampa Bay 0 - Cleveland 0
TOP OF THE 2ND
Tampa Bay Rays batting - Pitching for Cleveland Guardians : RHP Reed Harris
Batting: LHB George Elkins 0-0: Foul Ball, location: 3DF
0-1: Called Strike
0-2: Ball
1-2: Ball
2-2: Strikes out swinging
Batting: LHB Ray Behm 0-0: Ball
1-0: Ball
2-0: SINGLE (Flyball, 9LS, EV 87.5 MPH)
Batting: RHB Allen Castellanos 0-0: Ball
1-0: Ball
2-0: Ball
3-0: Called Strike
3-1: Swinging Strike
3-2: Base on Balls
Ray Behm to second
Batting: SHB Ryan Takach 0-0: Ball
1-0: Ball
2-0: 3-RUN HOME RUN (Flyball, 8LXD, EV 108.1 MPH), Distance : 418 ft
Batting: RHB Jamie Huggins 0-0: Ball
1-0: Swinging Strike
1-1: Called Strike
1-2: Ball
2-2: Ground out 6-3 (Groundball, 6, EV 80.0 MPH)
Batting: SHB Jorge Ramos 0-0: Ball
1-0: Swinging Strike
1-1: Called Strike
1-2: Ball
2-2: Strikes out swinging
Top of the 2nd over - 3 runs, 2 hits, 0 errors, 0 left on base; Tampa Bay 3 - Cleveland 0
BOTTOM OF THE 2ND
Cleveland Guardians batting - Pitching for Tampa Bay Rays : LHP Mike Dougherty
Batting: LHB Dallas Ostrove 0-0: Ground out 4-3 (Groundball, 4, EV 91.9 MPH)
Batting: RHB Jimmy Murphey 0-0: Ball
1-0: Fly out, F8 (Flyball, 8RS, EV 85.6 MPH)
Batting: RHB Ciro Visconti 0-0: SINGLE (Line Drive, 56, EV 96.3 MPH)
Batting: RHB Chris Downs 0-0: Called Strike
0-1: Fly out, F9 (Flyball, 89M, EV 92.5 MPH)
Bottom of the 2nd over - 0 runs, 1 hit, 0 errors, 1 left on base; Tampa Bay 3 - Cleveland 0
TOP OF THE 3RD
Tampa Bay Rays batting - Pitching for Cleveland Guardians : RHP Reed Harris
Batting: RHB Dave Taylor 0-0: Called Strike
0-1: Ball
1-1: Called Strike
1-2: Strikes out looking
Batting: RHB Kevin Schulz 0-0: SINGLE (Flyball, 89S, EV 94.4 MPH)
Batting: RHB Cesar Escamilla 0-0: Called Strike
0-1: Ball
1-1: Called Strike
1-2: Strikes out swinging
Batting: LHB George Elkins 0-0: Ball
1-0: Ground out U3 (Groundball, 3S, EV 77.5 MPH)
Top of the 3rd over - 0 runs, 1 hit, 0 errors, 1 left on base; Tampa Bay 3 - Cleveland 0
BOTTOM OF THE 3RD
Cleveland Guardians batting - Pitching for Tampa Bay Rays : LHP Mike Dougherty
Batting: RHB Chris Goacher 0-0: Ball
1-0: Called Strike
1-1: Ground out U3 (Groundball, 3, EV 81.3 MPH)
Batting: SHB Jose Agramonte 0-0: Ground out 6-3 (Groundball, 6D, EV 108.8 MPH)
Batting: LHB Matt Cleary 0-0: Called Strike
0-1: Swinging Strike
0-2: Ball
1-2: Strikes out looking
Bottom of the 3rd over - 0 runs, 0 hits, 0 errors, 0 left on base; Tampa Bay 3 - Cleveland 0
TOP OF THE 4TH
Tampa Bay Rays batting - Pitching for Cleveland Guardians : RHP Reed Harris
Batting: LHB Ray Behm 0-0: Foul Ball, location: 7LDF
0-1: SINGLE (Line Drive, 8RS, EV 93.1 MPH)
Batting: RHB Allen Castellanos 0-0: Fly out, F7 (Flyball, 7, EV 93.8 MPH)
Batting: SHB Ryan Takach 0-0: Ball
1-0: Ball
2-0: Ball
3-0: Called Strike
3-1: Base on Balls
Ray Behm to second
Batting: RHB Jamie Huggins 0-0: Ball
1-0: Foul Ball, location: 2F
1-1: Foul Ball, location: 2F
1-2: Strikes out swinging
Batting: SHB Jorge Ramos 0-0: Swinging Strike
0-1: Swinging Strike
0-2: Ball
1-2: Ball
2-2: Strikes out swinging
Top of the 4th over - 0 runs, 1 hit, 0 errors, 2 left on base; Tampa Bay 3 - Cleveland 0
BOTTOM OF THE 4TH
Cleveland Guardians batting - Pitching for Tampa Bay Rays : LHP Mike Dougherty
Batting: LHB Jonathan Setzler 0-0: Fly out, F7 (Line Drive, 7LM, EV 106.9 MPH)
Batting: RHB Barry Nicholson 0-0: Ball
1-0: Foul Ball, location: 2F
1-1: SINGLE (Line Drive, 9S, EV 110.6 MPH)
Batting: LHB Dallas Ostrove 0-0: Called Strike
0-1: Foul Ball, location: 2F
0-2: Ball
1-2: Fly out, F4 (Popup, 4D, EV 68.1 MPH)
Batting: RHB Jimmy Murphey 0-0: Foul Ball, location: 9LDF
0-1: Ground out 6-3 (Groundball, 6MS, EV 86.9 MPH)
Bottom of the 4th over - 0 runs, 1 hit, 0 errors, 1 left on base; Tampa Bay 3 - Cleveland 0
TOP OF THE 5TH
Tampa Bay Rays batting - Pitching for Cleveland Guardians : RHP Reed Harris
Batting: RHB Dave Taylor 0-0: Ball
1-0: Ball
2-0: SINGLE (Line Drive, 56, EV 98.8 MPH)
Batting: RHB Kevin Schulz 0-0: Fly out, F3 (Popup, 34S, EV 83.8 MPH)
Batting: RHB Cesar Escamilla 0-0: Ball
1-0: Grounds into double play, 5-4-3 (Groundball, 56S, EV 90.0 MPH)
Top of the 5th over - 0 runs, 1 hit, 0 errors, 0 left on base; Tampa Bay 3 - Cleveland 0
BOTTOM OF THE 5TH
Cleveland Guardians batting - Pitching for Tampa Bay Rays : LHP Mike Dougherty
Batting: RHB Ciro Visconti 0-0: Called Strike
0-1: Ground out 6-3 (Groundball, 6, EV 77.5 MPH)
Batting: RHB Chris Downs 0-0: Ball
1-0: Called Strike
1-1: Called Strike
1-2: Fly out, F7 (Line Drive, 7, EV 101.9 MPH)
Batting: RHB Chris Goacher 0-0: Ground out 5-3 (Groundball, 5, EV 88.8 MPH)
Bottom of the 5th over - 0 runs, 0 hits, 0 errors, 0 left on base; Tampa Bay 3 - Cleveland 0
TOP OF THE 6TH
Tampa Bay Rays batting - Pitching for Cleveland Guardians : RHP Reed Harris
Batting: LHB George Elkins 0-0: Ball
1-0: Ball
2-0: Foul Ball, location: 7LDF
2-1: Foul Ball, location: 9LMFF
2-2: Ball
3-2: Foul Ball, location: 23FF
3-2: Strikes out swinging
Batting: LHB Ray Behm 0-0: Ball
1-0: Fly out, F8 (Flyball, 8LD, EV 100.6 MPH)
Batting: RHB Allen Castellanos 0-0: Called Strike
0-1: Called Strike
0-2: Ball
1-2: DOUBLE (Line Drive, 9LS, EV 106.3 MPH) - OUT at third base trying to stretch hit.
Top of the 6th over - 0 runs, 1 hit, 0 errors, 0 left on base; Tampa Bay 3 - Cleveland 0
BOTTOM OF THE 6TH
Cleveland Guardians batting - Pitching for Tampa Bay Rays : LHP Mike Dougherty
Batting: SHB Jose Agramonte 0-0: Foul Ball, location: 3SF
0-1: Swinging Strike
0-2: Strikes out swinging
Batting: LHB Matt Cleary 0-0: Called Strike
0-1: Called Strike
0-2: Foul Ball, location: 23FF
0-2: Foul Ball, location: 2F
0-2: Strikes out looking
Batting: LHB Jonathan Setzler 0-0: Called Strike
0-1: Ball
1-1: Ground out 5-3 (Groundball, 5, EV 87.5 MPH)
Bottom of the 6th over - 0 runs, 0 hits, 0 errors, 0 left on base; Tampa Bay 3 - Cleveland 0
TOP OF THE 7TH
Tampa Bay Rays batting - Pitching for Cleveland Guardians : RHP Reed Harris
Batting: SHB Ryan Takach 0-0: Fly out, F4 (Popup, 34, EV 76.9 MPH)
Batting: RHB Jamie Huggins 0-0: Foul Ball, location: 9LDF
0-1: Swinging Strike
0-2: Ball
1-2: Ball
2-2: Strikes out swinging
Batting: SHB Jorge Ramos 0-0: Called Strike
0-1: Foul Ball, location: 2F
0-2: Ball
1-2: Strikes out swinging
Top of the 7th over - 0 runs, 0 hits, 0 errors, 0 left on base; Tampa Bay 3 - Cleveland 0
BOTTOM OF THE 7TH
Cleveland Guardians batting - Pitching for Tampa Bay Rays : LHP Mike Dougherty
Batting: RHB Barry Nicholson 0-0: Swinging Strike
0-1: Foul Ball, location: 25FF
0-2: Ball
1-2: Foul Ball, location: 9LMF
1-2: Ball
2-2: Foul Ball, location: 2F
2-2: Foul Ball, location: 7LDF
2-2: Foul Ball, location: 9LDF
2-2: Ground out 5-3 (Groundball, 56, EV 86.9 MPH)
Batting: LHB Dallas Ostrove 0-0: Ball
1-0: Foul Ball, location: 23F
1-1: Fly out, F9 (Flyball, 9LSF, EV 80.6 MPH)
Batting: RHB Jimmy Murphey 0-0: Ball
1-0: Swinging Strike
1-1: Foul Ball, location: 2F
1-2: Strikes out swinging
Bottom of the 7th over - 0 runs, 0 hits, 0 errors, 0 left on base; Tampa Bay 3 - Cleveland 0
TOP OF THE 8TH
Tampa Bay Rays batting - Pitching for Cleveland Guardians : RHP Reed Harris
Batting: RHB Dave Taylor 0-0: Called Strike
0-1: Ball
1-1: Ball
2-1: Foul Ball, location: 2F
2-2: SINGLE (Line Drive, 6M, EV 100.0 MPH)
Pitching: RHP Miguel Vera
Batting: RHB Kevin Schulz 0-0: Ball
1-0: Swinging Strike
1-1: Called Strike
1-2: SINGLE (Line Drive, 34D, EV 98.1 MPH)
Dave Taylor to second
Runner from 2nd tries for 3rd, SAFE, throw by RF made to third
Now in RF: Victor Zavala
Batting: RHB Cesar Escamilla 0-0: Swinging Strike
0-1: Fly out, F7 (Flyball, 7LM, EV 102.5 MPH)
Runner from 3rd tags up, SCORES, throw by LF
Batting: LHB George Elkins 0-0: Called Strike
0-1: Ball
1-1: Foul Ball, location: 2F
1-2: Strikes out swinging
Batting: LHB Ray Behm 0-0: Ball
1-0: Swinging Strike
1-1: Hit by Pitch
Kevin Schulz to second
Batting: RHB Allen Castellanos 0-0: Called Strike
0-1: Ball
1-1: Foul Ball, location: 7LMFF
1-2: Ball
2-2: Fly out, F7 (Flyball, 7D, EV 95.0 MPH)
Top of the 8th over - 1 run, 2 hits, 0 errors, 2 left on base; Tampa Bay 4 - Cleveland 0
BOTTOM OF THE 8TH
Cleveland Guardians batting - Pitching for Tampa Bay Rays : LHP Mike Dougherty
Batting: LHB Victor Zavala 0-0: Foul Ball, location: 2RF
0-1: Ball
1-1: Foul Ball, location: 25F
1-2: Ball
2-2: Foul Ball, location: 7LSFF
2-2: Ball
3-2: Fly out, F7 (Flyball, 7S, EV 85.6 MPH)
Batting: RHB Chris Downs 0-0: Ball
1-0: Fly out, F9 (Flyball, 9LM, EV 85.6 MPH)
Batting: RHB Chris Goacher 0-0: Ground out U3 (Groundball, 34, EV 103.8 MPH)
Bottom of the 8th over - 0 runs, 0 hits, 0 errors, 0 left on base; Tampa Bay 4 - Cleveland 0
TOP OF THE 9TH
Tampa Bay Rays batting - Pitching for Cleveland Guardians : RHP Miguel Vera
Pitching: LHP Juan Ramirez
Batting: SHB Ryan Takach 0-0: Called Strike
0-1: Foul Ball, location: 9LMF
0-2: Strikes out swinging
Batting: RHB Jamie Huggins 0-0: Called Strike
0-1: Foul Ball, location: 9LMF
0-2: Strikes out looking
Batting: SHB Jorge Ramos 0-0: Ball
1-0: Called Strike
1-1: Ball
2-1: Foul Ball, location: 25FF
2-2: Ball
3-2: Strikes out swinging
Top of the 9th over - 0 runs, 0 hits, 0 errors, 0 left on base; Tampa Bay 4 - Cleveland 0
BOTTOM OF THE 9TH
Cleveland Guardians batting - Pitching for Tampa Bay Rays : LHP Mike Dougherty
Batting: SHB Jose Agramonte 0-0: Ground out 6-3 (Groundball, 6, EV 89.4 MPH)
Batting: LHB Matt Cleary 0-0: Ball
1-0: SINGLE (Groundball, 56D, EV 93.8 MPH)
Pitching: RHP Ron Stein
Batting: LHB Jonathan Setzler 0-0: Foul Ball, location: 5F
0-1: Ball
1-1: Ball
2-1: Swinging Strike
2-2: Foul Ball, location: 3FF
2-2: Ball
3-2: Strikes out swinging
Batting: RHB Barry Nicholson 0-0: Ball
1-0: Swinging Strike
1-1: DOUBLE (Flyball, 89XD, EV 110.0 MPH)
Matt Cleary to third
Batting: LHB Dallas Ostrove 0-0: Called Strike
0-1: Called Strike
0-2: Ball
1-2: Ball
2-2: Foul Ball, location: 9LMF
2-2: Foul Ball, location: 2F
2-2: Fly out, F5 (Popup, 5SF, EV 87.5 MPH)
Bottom of the 9th over - 0 runs, 2 hits, 0 errors, 2 left on base; Tampa Bay 4 - Cleveland 0
Tuesday, April 9th , 2024 - OOTP Baseball 24.11 Build 85